cohdb
Replays
Latest Replays
All Replays
Popular Replays
Top Player Replays
Match Explorer
How It Works
Community
CoH3 Stats
Reddit
Sign in to upload your games and track your stats! →
Sign in with Steam
Match 28418035
Unlisted
Match 28418035
Overview
Messages
Build Orders
End
Kettenkrad Recon Vehicle
Selects Breakthrough Battlegroup
Construct Infanterie Kompanie
Grenadier Squad
Grenadier Squad
MG 42 Machine Gun Team
Construct Panzergrenadier Kompanie
251 Medium Carrier
Pak 40 Anti-tank Gun Team
Panzergrenadier Officer Quarters
Selects Assault Grenadiers
Selects Rapid Production
Kettenkrad Recon Vehicle
Medical Bunker
Panzergrenadier Squad
Construct Panzer Kompanie
Selects Blitzkrieg
Panzergrenadier Squad
Sturmpanzer IV Brummbär
Discoverer
MrGlaucus
^3
DIV 250 BigBoss
0
0
Comments
sign in to comment!
No comments posted yet!